 Dungeon Crawl Stone Soup version 0.17-a0-1769-g54adf96 (webtiles) character file.

14716 4thArraOfDagon the Severer (level 11, -8/135 HPs)
             Began as a Deep Dwarf Berserker on Sept 7, 2015.
             Was an Elder of Trog.
             Killed by drain life
             ... invoked by a soul eater
             ... summoned by an orc high priest
              (10 damage)
             ... on level 4 of the Orcish Mines.
             The game lasted 00:22:41 (3357 turns).

4thArraOfDagon the Severer (Deep Dwarf Berserker)   Turns: 3357, Time: 00:22:42

Health: -8/135     AC:  0    Str: 29    XL:     11   Next: 92%
Magic:  15/15      EV:  9    Int:  8    God:    Trog [****..]
Gold:   108        SH:  0    Dex: 14    Spells: 0 memorised, 10 levels left

rFire  . . .     SeeInvis .     h - +2 hand axe (freeze)
rCold  . . .     Clarity  +     u - +1 plate armour {MR+}
rNeg   . . .     SustAt   .     (no shield)
rPois  .         Gourm    +     (helmet restricted)
rElec  .         Spirit   .     (no cloak)
rCorr  .         Warding  .     (no gloves)
rMut   .         Stasis   .     (no boots)
MR     ++++.                    g - amulet of the gourmand
Stlth  ..........               (no ring)
                                (no ring)

@: berserking, lethally poisoned (-8 -> -8), weakened, corroded equipment,
non-regenerating, very quick, incredibly resistant to hostile enchantments,
extremely unstealthy
A: damage resistance, recharge devices, antennae 1, thin skeletal structure 1,
clarity, deformed body, sense surroundings 2, slow healing 3
a: Device Recharging, Burn Spellbooks, Berserk, Trog's Hand, Brothers in Arms,
Renounce Religion


You were on level 4 of the Orcish Mines.
You worshipped Trog.
Trog was greatly pleased with you.
You were very full.

You visited 2 branches of the dungeon, and saw 13 of its levels.

You collected 908 gold pieces.
You spent 800 gold pieces at shops.

Inventory:

Hand weapons
 a - a +0 hand axe
 b - a +0 battleaxe
 h - a +2 hand axe of freezing (weapon)
 m - a +0 war axe
 q - a +1 hand axe of electrocution
Armour
 f - a +0 chain mail
 j - a +0 plate armour
 u - a +1 plate armour of magic resistance (worn)
Jewellery
 g - an amulet of the gourmand (around neck)
Magical devices
 c - a wand of heal wounds (0)
 l - a wand of confusion (0)
Scrolls
 e - 6 scrolls of identify
 k - a scroll of blinking
 t - a scroll of fog
 y - 3 scrolls of teleportation
Potions
 n - a potion of might
 p - a potion of cancellation
 r - a potion of flight
 v - a potion of resistance
 w - a potion of heal wounds
 x - 5 potions of curing
 z - a potion of lignification
Comestibles
 d - 2 bread rations
 i - 6 chunks of flesh
 o - a beef jerky
 s - a meat ration


   Skills:
 - Level 3.1 Fighting
 * Level 15.8 Axes
 + Level 11.8 Armour
 - Level 2.1 Dodging
 - Level 7.4 Evocations


You had 10 spell levels left.
You didn't know any spells.

Dungeon Overview and Level Annotations

Branches:
Dungeon (9/15)               Lair (0/8) D:8             Orc (4/4) D:9
 Temple: D:4-7          Elf: Orc:3-4

Altars:
Beogh

Shops:
Orc:2 (!=(:   Orc:3 :   Orc:4 *?(=

Annotations:
D:4 Edmund
D:5 kae's ghost, experienced HESk
Orc:1 exclusion: oklob plant


Innate Abilities, Weirdness & Mutations

You are resistant to damage.
You can recharge devices by infusing magical energy.
You passively map the area around you.
You do not heal naturally.
You have a pair of small antennae on your head.
You have a somewhat thin skeletal structure (Dex +2, Stealth).
You possess an exceptional clarity of mind.
Armour fits poorly on your strangely shaped body.


Message History

You hit the soul eater but do no damage.
The orange demon stings you from afar.
Unknown command.
Unknown command.
Unknown command.
Enter note: joke of the char Unknown command.
Your plate armour prevents you from hitting the orc high priest.
The orc high priest is almost dead.
You hit the orc. You freeze the orc.
You kill the orc!
Trog accepts your kill.
You hit the rust devil but do no damage.
The rust devil is lightly wounded.
You hit the soul eater but do no damage.
The rust devil hits you. The rust devil corrodes you!
The orc hits you from afar with a trident!
* * * LOW HITPOINT WARNING * * *
The soul eater draws from the surrounding life force!
You die...

#.........###..............#
....8.8.....###...[[).8....#
..............###.[.)......#
...............####)).....##
).[#...#........####.....##
).##8)8##........####...##
###.)...####..(†..## ####
##.......#*###).)).##
#.........# ##o@)..#
#..8._.8..# #)43...#
#.........# #4ooo....#
##.......## #........#
##.....## #....∩...# ##8.8##
##.......# ##### #......##
###...##


You could see a soul eater, an orc high priest, an orange demon, a rust devil,
an orc warrior and 2 orcs.

Vanquished Creatures
  5 orc high priests (Orc:4)
  3 orc knights (Orc:4)
  An orc sorcerer (Orc:1)
  2 trolls (Orc:4)
  Grinder (D:6)
  6 wargs
  A sky beast (D:8)
  A phantom (D:7)
  30 orc warriors
  A centaur (D:6)
  9 ogres
  3 giant frogs
  A scorpion (D:8)
  A wyvern skeleton (D:6)
  A crimson imp (D:8)
  25 orc wizards
  21 orc priests
  3 hounds
  A giant frog skeleton (D:7)
  A gnoll shaman (D:6)
  3 worker ants
  An adder (D:4)
  7 gnolls (D:6)
  2 giant geckos
  193 orcs
  2 giant cockroaches (D:3)
  2 goblins
  2 hobgoblins (D:2)
  A quokka (D:7)
  2 bats
  4 jackals
  A kobold (D:1)
  3 rats
340 creatures vanquished.

Vanquished Creatures (collateral kills)
  Saint Roka (Orc:4)
  An orc sorcerer (Orc:4)
  An orc (Orc:4)
3 creatures vanquished.

Vanquished Creatures (others)
  A plant (Orc:4)
1 creature vanquished.

Grand Total: 344 creatures vanquished

Notes
Turn   | Place    | Note
--------------------------------------------------------------
     0 | D:1      | 4thArraOfDagon the Deep Dwarf Berserker began the quest for the Orb.
     0 | D:1      | Reached XP level 1. HP: 20/20 MP: 1/1
   129 | D:3      | Reached XP level 2. HP: 27/27 MP: 2/2
   153 | D:3      | Noticed an orc priest
   154 | D:3      | Noticed an orc wizard
   188 | D:3      | Killed an orc priest
   188 | D:3      | Reached skill level 4 in Axes
   188 | D:3      | Reached XP level 3. HP: 34/34 MP: 3/3
   228 | D:3      | Killed an orc wizard
   228 | D:3      | Reached XP level 4. HP: 22/42 MP: 4/4
   232 | D:3      | Found a faded altar to an unknown god.
   312 | D:4      | Acquired Trog's second power
   336 | D:4      | Reached skill level 5 in Axes
   399 | D:4      | Reached XP level 5. HP: 20/49 MP: 5/5
   456 | D:4      | Reached skill level 6 in Axes
   456 | D:4      | Reached XP level 6. HP: 16/56 MP: 6/6
   457 | D:4      | Noticed an ogre
   466 | D:4      | Noticed Edmund
   493 | D:5      | Entered Level 5 of the Dungeon
   493 | D:5      | Noticed kae's ghost (experienced HESk)
   500 | D:6      | Noticed Grinder
   520 | D:6      | Killed Grinder
   520 | D:6      | Reached skill level 7 in Axes
   520 | D:6      | Reached skill level 5 in Armour
   520 | D:6      | Reached XP level 7. HP: 60/62 MP: 7/7
   676 | D:7      | Reached skill level 8 in Axes
   708 | D:7      | Reached XP level 8. HP: 57/69 MP: 8/8
   765 | D:8      | Reached skill level 9 in Axes
   779 | D:8      | Found a staircase to the Lair.
   790 | D:8      | Reached skill level 10 in Axes
   813 | D:8      | Gained mutation: Armour fits poorly on your strangely shaped body. [mutagenic meat]
   814 | D:8      | Gained mutation: You possess an exceptional clarity of mind. [mutagenic meat]
   816 | D:8      | Gained mutation: You have a somewhat thin skeletal structure (Dex +2, Stealth). [mutagenic meat]
   817 | D:8      | Gained mutation: You have a pair of small antennae on your head. [mutagenic meat]
   907 | D:9      | Found a staircase to the Orcish Mines.
  1002 | Orc:1    | Entered Level 1 of the Orcish Mines
  1038 | Orc:1    | Gained mutation: You passively map the area around you. [Deep Dwarf growth]
  1038 | Orc:1    | Reached XP level 9. HP: 63/75 MP: 9/9
  1168 | Orc:2    | Found Ebo Ribi's Jewellery Boutique.
  1204 | Orc:1    | Reached skill level 11 in Axes
  1263 | Orc:1    | Noticed an oklob plant
  1263 | Orc:1    | Noticed an orc sorcerer
  1276 | Orc:1    | Killed an orc sorcerer
  1345 | Orc:2    | Found Hazun's Distillery.
  1358 | Orc:2    | Bought a potion of resistance for 130 gold pieces
  1358 | Orc:2    | Bought a potion of heal wounds for 65 gold pieces
  1358 | Orc:2    | Bought a potion of curing for 39 gold pieces
  1358 | Orc:2    | Bought a potion of lignification for 39 gold pieces
  1358 | Orc:2    | Bought a potion of curing for 39 gold pieces
  1358 | Orc:2    | Bought 2 potions of curing for 78 gold pieces
  1358 | Orc:2    | Bought a potion of curing for 39 gold pieces
  1358 | Orc:2    | Bought a potion of degeneration for 13 gold pieces
  1377 | Orc:2    | Found Enoskot's Weapon Shop.
  1390 | Orc:2    | Reached skill level 1 in Evocations
  1413 | Orc:2    | :(
  1505 | Orc:2    | Found Jaxizymu's Weapon Shop.
  1508 | Orc:2    | :(
  1652 | Orc:3    | Found Pijatad's Book Emporium.
  1705 | Orc:3    | Reached skill level 12 in Axes
  1726 | Orc:2    | Found Duleew's Book Emporium.
  1777 | Orc:4    | Entered Level 4 of the Orcish Mines
  1783 | Orc:4    | Acquired Trog's third power
  1943 | Orc:4    | Reached XP level 10. HP: 25/84 MP: 13/13
  2193 | Orc:4    | Reached skill level 5 in Evocations
  2242 | Orc:4    | Noticed an orc knight
  2266 | Orc:4    | Killed an orc knight
  2266 | Orc:4    | Reached skill level 13 in Axes
  2327 | Orc:4    | Found a roughly hewn altar of Beogh.
  2378 | Orc:4    | Noticed an orc knight
  2378 | Orc:4    | Noticed an orc knight
  2430 | Orc:4    | Killed an orc knight
  2449 | Orc:4    | Reached skill level 10 in Armour
  2525 | Orc:4    | Found Miliz's Assorted Antiques.
  2547 | Orc:4    | Killed an orc knight
  2602 | Orc:4    | Bought a scroll labeled SAILYKLOEVA for 33 gold pieces
  2602 | Orc:4    | Bought a scroll labeled OFEECHE UN JUGRI for 33 gold pieces
  2610 | Orc:4    | Found Ata Rusch's Magic Scroll Shoppe.
  2627 | Orc:4    | Reached XP level 11. HP: 90/90 MP: 15/15
  2653 | Orc:4    | Bought a scroll of blinking for 97 gold pieces
  2653 | Orc:4    | Bought a scroll of identify for 26 gold pieces
  2653 | Orc:4    | Bought a scroll of identify for 26 gold pieces
  2653 | Orc:4    | Bought a scroll of identify for 26 gold pieces
  2653 | Orc:4    | Bought a scroll of teleportation for 39 gold pieces
  2653 | Orc:4    | Bought 2 scrolls of teleportation for 78 gold pieces
  2710 | Orc:4    | Reached skill level 14 in Axes
  2927 | Orc:4    | Noticed Saint Roka
  2930 | Orc:4    | Noticed an orc sorcerer
  2988 | Orc:4    | Killed an orc sorcerer
  3000 | Orc:4    | Killed Saint Roka
  3055 | Orc:4    | Noticed an orc high priest
  3056 | Orc:4    | Noticed an orc high priest
  3060 | Orc:4    | Noticed a soul eater
  3066 | Orc:4    | Killed an orc high priest
  3066 | Orc:4    | Reached skill level 15 in Axes
  3072 | Orc:4    | Killed an orc high priest
  3128 | Orc:4    | Noticed an orc high priest
  3128 | Orc:4    | Noticed an orc high priest
  3131 | Orc:4    | Noticed a sun demon
  3140 | Orc:4    | Killed an orc high priest
  3142 | Orc:4    | Killed an orc high priest
  3185 | Orc:4    | Found a roughly hewn altar of Beogh.
  3198 | Orc:4    | Noticed an orc high priest
  3230 | Orc:4    | Killed an orc high priest
  3294 | Orc:4    | Found Cemnewk's Antique Weapon Emporium.
  3336 | Orc:4    | Found Esimuiro's Jewellery Shoppe.
  3338 | Orc:4    | Noticed an orc high priest
  3340 | Orc:4    | Noticed a soul eater
  3357 | Orc:4    | joke of the char
  3357 | Orc:4    | HP: 2/135 [orc/trident (6)]
  3357 | Orc:4    | Killed from afar by a soul eater

Vault maps used:
D:1:      lightli_arrival_noodles, serial_bayou_lake_a
D:3:      ecumenical_altar_1, uniq_terence, uniq_natasha
D:4:      black_bear_nest_2, first_bread, uniq_edmund
D:5:      minmay_temple_entry_large_hall
D:6:      xom_butterflies, uniq_grinder
D:7:      lemuel_ice_statue, grunt_livestock, lightli_corner_chamber
D:8:      erik_lair_orcish_takeover, lemuel_old_faithful, uniq_joseph
D:9:      orc_0_dummy, serial_shops, nicolae_shop_temple_entry_statues_fountains
Orc:1:    mines3_lemuel
Orc:2:    serial_shops, shop, nicolae_shop_waterfront,
          nicolae_shop_behind_doors, shop_statue, nicolae_shop_waterfront
Orc:3:    serial_shops, shop, shop, nicolae_orc_pool_cavern, trog_book
Orc:4:    pubby_orc_utopia, serial_shops

Action                   |  1- 3 |  4- 6 |  7- 9 | 10-12 || total
-------------------------+-------+-------+-------+-------++-------
Melee: Hand axe          |    55 |    55 |   266 |   349 ||   725
       War axe           |       |       |    35 |       ||    35
Invok: Berserk           |     2 |     4 |    13 |    14 ||    33
       Trog's Hand       |       |     3 |    19 |    27 ||    49
       Brothers in Arms  |       |       |       |     2 ||     2
 Abil: Device Recharging |       |       |       |     1 ||     1
Evoke: Wand              |       |     4 |     7 |     7 ||    18
  Use: Potion            |       |     1 |       |       ||     1
       Scroll            |       |       |       |    10 ||    10
 Stab: Confused          |       |       |     4 |       ||     4
       Distracted        |       |       |       |     1 ||     1
  Eat: Chunk             |       |     4 |    32 |    26 ||    62
